 Dungeon Crawl Stone Soup version 0.21-b1-23-g1fb0a74 (webtiles) character file.

1492 torrenera the Cleaver (level 8, -13/70 HPs)
             Began as a Hill Orc Fighter on Jan 5, 2018.
             Was a Believer of Okawaru.
             Mangled by an orc warrior
             ... wielding a +2 morningstar of draining
              (19 damage)
             ... on level 6 of the Dungeon.
             The game lasted 00:10:37 (6977 turns).

torrenera the Cleaver (Hill Orc Fighter)            Turns: 6977, Time: 00:10:38

Health: -13/70     AC: 13    Str: 26    XL:     8   Next: 80%
Magic:  6/8        EV:  9    Int:  8    God:    Okawaru [**....]
Gold:   286        SH:  0    Dex: 10    Spells: 7/7 levels left

rFire    . . .     SeeInvis .   a - +0 war axe
rCold    . . .     Gourm    .   (no shield)
rNeg     . . .     Faith    .   q - +0 plate armour
rPois    .         Spirit   .   (no helmet)
rElec    .         Reflect  .   (no cloak)
rCorr    .         Harm     .   (no gloves)
MR       .....                  (no boots)
Stlth    ..........             (no amulet)
HPRegen  0.21/turn              j - +1 ring of evasion
MPRegen  0.11/turn              (no ring)

@: mighty, heroism, heavily drained
A: no striking features
a: Heroism, Renounce Religion


You were on level 6 of the Dungeon.
You worshipped Okawaru.
Okawaru was pleased with you.
You were not hungry.

You visited 2 branches of the dungeon, and saw 7 of its levels.

You collected 286 gold pieces.

Inventory:

Hand Weapons
 a - a +0 war axe (weapon)
 b - a +0 shortbow
 c - a +0 blowgun
Missiles
 r - 7 curare-tipped needles
 v - 42 stones (quivered)
 A - 36 arrows
Armour
 q - a +0 plate armour (worn)
 z - a +0 scale mail
Jewellery
 j - a +1 ring of evasion (left hand)
 u - a +2 ring of protection {unknown}
 w - a +2 ring of strength {unknown}
 B - an uncursed amulet of magic regeneration {unknown}
Wands
 C - a wand of flame (22)
Scrolls
 e - 2 scrolls of fear {unknown}
 h - 3 scrolls of enchant weapon {unknown}
 k - 4 scrolls of amnesia {unknown}
 l - 5 scrolls of identify {unknown}
 o - a scroll of fog {unknown}
 x - a scroll of remove curse {unknown}
 y - a scroll of enchant armour {unknown}
 D - a scroll of teleportation {unknown}
Potions
 d - a potion of might
 i - a potion of resistance {unknown}
 m - 2 potions of haste {unknown}
 n - a potion of heal wounds {unknown}
 s - a potion of lignification {unknown}
Books
 p - a book of Misfortune

   Spells                             Type                      Level
   a - Confusing Touch                Hexes                        1
   b - Confuse                        Hexes                        3
   c - Gell's Gravitas                Translocation                3
   d - Petrify                        Transmutation/Earth          4
   e - Metabolic Englaciation         Hexes/Ice                    5
   f - Yara's Violent Unravelling     Hexes/Transmutation          5
 t - a book of Minor Magic

   Spells                             Type                      Level
   a - Magic Dart                     Conjuration                  1
   b - Blink                          Translocation                2
   c - Call Imp                       Summoning                    2
   d - Slow                           Hexes                        2
   e - Conjure Flame                  Conjuration/Fire             3
   f - Mephitic Cloud                 Conjuration/Poison/Air       3
Comestibles
 f - 9 rations


   Skills:
 * Level 5.8(9.0) Fighting
 + Level 11.9(14.8) Axes
 * Level 5.3(8.5) Armour
   Level 3.2(6.5) Shields


You had 7 spell levels left.
You didn't know any spells.

Dungeon Overview and Level Annotations

Branches:
Dungeon (6/15)             Temple (1/1) D:4

Altars:
Ashenzari
Cheibriados
Dithmenos
Fedhas
Gozag
Hepliaklqana
Kikubaaqudgha
Nemelex Xobeh
Okawaru
Ru
Sif Muna
Trog
Uskayaw
Vehumet
Wu Jian


Message History

You feel sick.
Things that are here:
a flail; 4 tomahawks It was a potion of curing.
You feel better.
The orc warrior hits you with a morningstar of draining.
* * * LOW HITPOINT WARNING * * *
You feel drained.
* * * LOW HITPOINT WARNING * * *
You see here a club.
You feel better. The orc warrior barely misses you.
You feel very mighty all of a sudden.
The orc warrior hits you with a morningstar of draining!
* * * LOW HITPOINT WARNING * * *
You feel drained.
* * * LOW HITPOINT WARNING * * *
You gain the combat prowess of a mighty hero.
You closely miss the orc warrior.
The orc warrior is lightly wounded.
The orc warrior hits you with a morningstar of draining!!
You die...

#..............#.#.#...#
#......................#
#..............#.#.#...# ...#
#......................# ...#
#.....##########.###'### ...#
#######..........#....# ...#
#................#....# ...#
#................#....# ...
#.......@........#....#
).########...##o##'#####.##...#
>.##....##...##.##..####.##...#
.)()....)........#....#.......#
.................#....#.......#
.................'....#.......#
........##......##....#.......#
........##......##....##......#
.........+......##....##..<...#


You could see an orc warrior.

Vanquished Creatures
  The ghost of feelmyfire the Insei, an amateur DgTm (D:5)
  A water moccasin (D:5)
  A sky beast (D:6)
  3 ogres
  A black bear (D:5)
  2 centaurs (D:5)
  2 scorpions
  2 crimson imps
  A quasit (D:5)
  A centaur skeleton (D:5)
  A hound (D:6)
  An orc priest (D:6)
  A bullfrog skeleton (D:4)
  A centaur zombie (D:6)
  2 worker ants
  Terence (D:3)
  A howler monkey zombie (D:5)
  4 adders
  2 oozes
  2 adder skeletons (D:5)
  6 worms
  7 leopard geckos
  6 orcs
  5 bats
  3 giant cockroaches (D:2)
  9 goblins
  11 hobgoblins
  5 jackals (D:1)
  7 kobolds
  A quokka (D:3)
  A ball python (D:2)
  7 frilled lizards
  2 leopard gecko skeletons
  11 rats
112 creatures vanquished.

Notes
Turn   | Place    | Note
-------+----------+-------------------------------------------
     0 | D:1      | torrenera the Hill Orc Fighter began the quest for the Orb.
     0 | D:1      | Reached XP level 1. HP: 19/19 MP: 1/1
    64 | D:1      | Reached skill level 3 in Axes
   226 | D:1      | Reached XP level 2. HP: 23/26 MP: 2/2
   314 | D:1      | Reached skill level 4 in Axes
  1058 | D:1      | Reached XP level 3. HP: 31/31 MP: 3/3
  1306 | D:2      | Reached skill level 5 in Axes
  1311 | D:2      | Found an ancient bone altar of Kikubaaqudgha.
  1625 | D:2      | Reached XP level 4. HP: 22/39 MP: 4/4
  2443 | D:3      | Noticed Terence
  2463 | D:3      | Killed Terence
  2463 | D:3      | Reached skill level 6 in Axes
  2693 | D:3      | Reached XP level 5. HP: 45/45 MP: 5/5
  2814 | D:3      | Reached skill level 7 in Axes
  3368 | D:4      | Noticed an ogre
  3453 | D:4      | Found a radiant altar of Vehumet.
  3555 | D:4      | Found a staircase to the Ecumenical Temple.
  3562 | Temple   | Entered the Ecumenical Temple
  3673 | Temple   | Became a worshipper of Warmaster Okawaru
  3694 | D:4      | Noticed an ogre
  3873 | D:4      | Reached skill level 8 in Axes
  3873 | D:4      | Reached XP level 6. HP: 32/51 MP: 6/6
  4380 | D:4      | Reached skill level 9 in Axes
  4537 | D:4      | You fall through a shaft!
  4537 | D:5      | Entered Level 5 of the Dungeon
  4545 | D:5      | Reached * piety under Okawaru
  4570 | D:5      | Reached XP level 7. HP: 33/57 MP: 7/7
  4947 | D:5      | Reached skill level 10 in Axes
  5013 | D:5      | Found a bloodstained altar of Trog.
  5040 | D:5      | Noticed feelmyfire's ghost (amateur DgTm)
  5087 | D:5      | Killed feelmyfire's ghost
  5087 | D:5      | Reached skill level 11 in Axes
  5248 | D:5      | Reached ** piety under Okawaru
  5248 | D:5      | Reached XP level 8. HP: 57/67 MP: 8/8
  5553 | D:5      | Reached skill level 5 in Fighting
  6803 | D:6      | Reached skill level 5 in Armour
  6977 | D:6      | Mangled by an orc warrior

Skill      XL: |  1  2  3  4  5  6  7  8 |
---------------+-------------------------+-----
Axes           | 3 4 5 6 8 9 11 | 11.9
Fighting       | 4 5 |  5.8
Armour         | 5 |  5.3
Shields        | |  3.2

Action                   |  1- 3 |  4- 6 |  7- 9 || total
-------------------------+-------+-------+-------++-------
Melee: War axe           |    96 |   192 |   110 ||   398
 Fire: Blowgun           |       |     6 |       ||     6
       Shortbow          |       |       |    41 ||    41
Throw: Stone             |       |       |     5 ||     5
Invok: Heroism           |       |       |     2 ||     2
  Use: Potion            |       |       |     3 ||     3
  Eat: Chunk             |     2 |     7 |     7 ||    16
       Ration            |       |     1 |       ||     1
Armor: Scale mail        |    40 |    15 |       ||    55
       Plate armour      |       |   103 |    90 ||   193
Dodge: Dodged            |    38 |    50 |    54 ||   142
Block: Shield            |    54 |    32 |       ||    86
